[ AOE2 MATCH · #470309971 ]
UnrankedSlavs vs Maya
Player's team · WIN
Rival team · LOSS
[ REPLAY ANALYSIS · EXTRACTED FROM THE RECORDED GAME ]
Feudal
9:15
Castle
21:29
Imperial
—
| APM avg | 71.2 |
| APM peak | 135 |
| eAPM avg | 27.0 |
| Villagers / military | 47 / 39 |
Focus
⚔️ 60.0% · 🌾 40.0%
Archer ×32 · Mangonel ×4 · Militia ×3
Feudal
9:08
Castle
22:32
Imperial
—
| APM avg | 89.4 |
| APM peak | 129 |
| eAPM avg | 32.1 |
| Villagers / military | 82 / 38 |
Focus
⚔️ 36.7% · 🌾 63.3%
Archer ×33 · Skirmisher ×5
Match map
Initial resources + every placement click. Lines = walls · curves = elevation contours. ◆ gold · ⬟ stone · ● berries · ✦ relic · ◌ wall gap
Your base· Open — unwalled flank
DS_I_LOVE_TS's base· Open — unwalled flank
Smoothed initial terrain · ◌ = detected wall gap · hover for details
Inputs per minute
— sunsetfire - - DS_I_LOVE_TS
Build order — sunsetfire
First 150 of 157 actions detected
| 0:00 | Queue | Villager (Male) |
| 0:01 | Queue | Villager (Male) |
| 0:01 | Queue | Villager (Male) |
| 0:02 | Build | House |
| 0:04 | Build | House |
| 0:18 | Queue | Villager (Male) |
| 0:18 | Queue | Villager (Male) |
| 1:23 | Queue | Villager (Male) |
| 1:58 | Queue | Villager (Male) |
| 1:59 | Build | Lumber Camp |
| 2:13 | Queue | Villager (Male) |
| 2:43 | Queue | Villager (Male) |
| 3:10 | Queue | Villager (Male) |
| 3:10 | Queue | Villager (Male) |
| 3:37 | Queue | Villager (Male) |
| 3:50 | Build | House |
| 3:58 | Queue | Villager (Male) |
| 4:27 | Queue | Villager (Male) |
| 4:47 | Queue | Villager (Male) |
| 4:56 | Build | Barracks |
| 5:15 | Queue | Villager (Male) |
| 5:37 | Queue | Villager (Male) |
| 6:09 | Queue | Villager (Male) |
| 6:09 | Research | Loom |
| 6:24 | Build | Mining Camp |
| 6:54 | Queue | Militia |
| 7:00 | Research | Feudal Age |
| 7:12 | Build | House |
| 7:12 | Build | Palisade Wall |
| 7:23 | Queue | Militia |
| 7:44 | Queue | Militia |
| 8:26 | Build | Mill |
| 8:47 | Queue | Villager (Male) |
| 9:15 | Age | Feudal Age |
| 9:17 | Research | Man-at-Arms (upgrade) |
| 9:27 | Build | Archery Range |
| 9:28 | Queue | Villager (Male) |
| 9:45 | Queue | Villager (Male) |
| 9:53 | Build | House |
| 10:10 | Build | House |
| 10:15 | Build | Farm |
| 10:16 | Build | Farm |
| 10:17 | Build | Farm |
| 10:23 | Queue | Archer |
| 10:24 | Queue | Villager (Male) |
| 10:38 | Build | Farm |
| 10:42 | Queue | Archer |
| 10:44 | Queue | Villager (Male) |
| 11:20 | Queue | Villager (Male) |
| 11:32 | Build | Blacksmith |
| 11:38 | Queue | Archer |
| 11:52 | Queue | Villager (Male) |
| 11:52 | Queue | Archer |
| 12:13 | Queue | Villager (Male) |
| 12:14 | Build | Farm |
| 12:16 | Research | Fletching |
| 12:23 | Build | House |
| 12:38 | Research | Town Watch |
| 12:48 | Research | Horse Collar |
| 12:48 | Queue | Archer |
| 13:00 | Build | House |
| 13:18 | Queue | Villager (Male) |
| 13:19 | Queue | Archer |
| 13:34 | Queue | Villager (Male) |
| 13:49 | Build | House |
| 13:51 | Build | Farm |
| 13:52 | Build | Farm |
| 14:01 | Queue | Archer |
| 14:12 | Queue | Villager (Male) |
| 14:16 | Build | House |
| 14:17 | Build | Palisade Wall |
| 14:29 | Queue | Villager (Male) |
| 14:29 | Queue | Archer |
| 14:46 | Build | Farm |
| 14:47 | Build | Farm |
| 14:56 | Queue | Villager (Male) |
| 15:15 | Queue | Villager (Male) |
| 15:16 | Queue | Archer |
| 15:21 | Build | Farm |
| 15:24 | Build | Palisade Wall |
| 15:25 | Research | Double-Bit Axe |
| 15:25 | Research | Double-Bit Axe |
| 15:34 | Queue | Villager (Male) |
| 15:50 | Build | Farm |
| 16:02 | Build | Farm |
| 16:02 | Queue | Archer |
| 16:12 | Build | House |
| 16:13 | Build | Palisade Wall |
| 16:22 | Queue | Villager (Male) |
| 16:26 | Build | Farm |
| 16:52 | Queue | Villager (Male) |
| 16:52 | Queue | Archer |
| 17:11 | Build | Lumber Camp |
| 17:12 | Queue | Villager (Male) |
| 17:22 | Build | Watch Tower |
| 17:40 | Queue | Villager (Male) |
| 17:45 | Build | Farm |
| 17:48 | Build | Farm |
| 17:58 | Build | Palisade Wall |
| 18:07 | Queue | Archer |
| 18:11 | Queue | Villager (Male) |
| 18:12 | Build | House |
| 18:49 | Research | Castle Age |
| 18:56 | Queue | Villager (Male) |
| 19:00 | Queue | Archer |
| 19:11 | Build | Farm |
| 19:23 | Build | Farm |
| 19:28 | Queue | Archer |
| 19:34 | Build | Archery Range |
| 19:39 | Build | Farm |
| 19:48 | Build | Farm |
| 19:51 | Build | Farm |
| 19:52 | Research | Gold Mining |
| 20:00 | Queue | Archer |
| 20:02 | Research | Padded Archer Armor |
| 20:38 | Queue | Archer |
| 20:39 | Queue | Archer |
| 20:43 | Build | House |
| 20:52 | Queue | Archer |
| 20:53 | Queue | Archer |
| 21:04 | Build | House |
| 21:05 | Build | House |
| 21:29 | Age | Castle Age |
| 21:31 | Research | Crossbowman (upgrade) |
| 21:36 | Research | Bodkin Arrow |
| 21:36 | Research | Bodkin Arrow |
| 21:38 | Research | Bow Saw |
| 21:40 | Queue | Villager (Male) |
| 21:50 | Build | Siege Workshop |
| 22:16 | Queue | Villager (Male) |
| 22:17 | Queue | Archer |
| 22:17 | Queue | Archer |
| 22:32 | Queue | Villager (Male) |
| 22:34 | Queue | Archer |
| 22:38 | Queue | Mangonel |
| 22:59 | Queue | Archer |
| 23:00 | Queue | Archer |
| 23:35 | Queue | Villager (Male) |
| 23:36 | Queue | Archer |
| 23:36 | Queue | Archer |
| 23:51 | Queue | Mangonel |
| 23:51 | Queue | Mangonel |
| 23:53 | Queue | Villager (Male) |
| 23:53 | Queue | Villager (Male) |
| 24:17 | Queue | Mangonel |
| 24:19 | Queue | Villager (Male) |
| 24:25 | Build | Mining Camp |
| 24:31 | Research | Wheelbarrow |
| 24:42 | Queue | Archer |
| 24:42 | Queue | Archer |
Build order — DS_I_LOVE_TS
First 150 of 179 actions detected
| 0:01 | Queue | Villager (Male) |
| 0:01 | Queue | Villager (Male) |
| 0:02 | Queue | Villager (Male) |
| 0:05 | Research | Loom |
| 0:05 | Research | Loom |
| 0:05 | Queue | Villager (Male) |
| 0:06 | Queue | Villager (Male) |
| 0:06 | Queue | Villager (Male) |
| 0:06 | Queue | Villager (Male) |
| 0:07 | Build | House |
| 0:08 | Build | House |
| 1:31 | Queue | Villager (Male) |
| 1:32 | Queue | Villager (Male) |
| 1:54 | Build | Lumber Camp |
| 1:57 | Queue | Villager (Male) |
| 1:57 | Queue | Villager (Male) |
| 1:57 | Queue | Villager (Male) |
| 2:20 | Queue | Villager (Male) |
| 2:21 | Queue | Villager (Male) |
| 2:41 | Queue | Villager (Male) |
| 2:41 | Queue | Villager (Male) |
| 3:00 | Queue | Villager (Male) |
| 3:00 | Queue | Villager (Male) |
| 3:00 | Queue | Villager (Male) |
| 3:32 | Queue | Villager (Male) |
| 3:32 | Queue | Villager (Male) |
| 3:33 | Queue | Villager (Male) |
| 3:49 | Queue | Villager (Male) |
| 3:49 | Queue | Villager (Male) |
| 3:49 | Queue | Villager (Male) |
| 3:53 | Build | House |
| 4:18 | Queue | Villager (Male) |
| 4:18 | Queue | Villager (Male) |
| 4:18 | Queue | Villager (Male) |
| 4:20 | Build | Mill |
| 4:43 | Queue | Villager (Male) |
| 4:43 | Queue | Villager (Male) |
| 4:43 | Queue | Villager (Male) |
| 5:07 | Queue | Villager (Male) |
| 5:07 | Queue | Villager (Male) |
| 5:31 | Queue | Villager (Male) |
| 6:58 | Research | Feudal Age |
| 6:58 | Research | Feudal Age |
| 6:59 | Research | Feudal Age |
| 7:26 | Build | Barracks |
| 7:55 | Build | House |
| 8:06 | Build | Mining Camp |
| 8:34 | Build | Palisade Wall |
| 8:35 | Build | Palisade Wall |
| 8:40 | Build | Palisade Wall |
| 8:45 | Build | Palisade Wall |
| 8:54 | Queue | Villager (Male) |
| 9:08 | Age | Feudal Age |
| 9:11 | Queue | Villager (Male) |
| 9:17 | Build | Archery Range |
| 9:18 | Research | Double-Bit Axe |
| 9:19 | Research | Double-Bit Axe |
| 9:40 | Queue | Villager (Male) |
| 9:50 | Queue | Villager (Male) |
| 9:59 | Build | House |
| 10:12 | Queue | Archer |
| 10:13 | Queue | Archer |
| 10:17 | Queue | Villager (Male) |
| 10:17 | Queue | Villager (Male) |
| 10:38 | Build | Blacksmith |
| 10:44 | Queue | Villager (Male) |
| 10:57 | Queue | Archer |
| 11:09 | Queue | Villager (Male) |
| 11:42 | Research | Fletching |
| 11:52 | Queue | Skirmisher |
| 11:59 | Queue | Villager (Male) |
| 11:59 | Queue | Villager (Male) |
| 11:59 | Queue | Villager (Male) |
| 12:01 | Build | Farm |
| 12:03 | Build | Farm |
| 12:07 | Queue | Skirmisher |
| 12:25 | Build | Farm |
| 12:26 | Build | Farm |
| 12:42 | Queue | Archer |
| 12:49 | Build | House |
| 13:05 | Queue | Villager (Male) |
| 13:07 | Build | House |
| 13:50 | Queue | Archer |
| 14:05 | Queue | Villager (Male) |
| 14:05 | Queue | Villager (Male) |
| 14:12 | Queue | Villager (Male) |
| 14:12 | Queue | Villager (Male) |
| 14:20 | Queue | Archer |
| 14:32 | Queue | Villager (Male) |
| 14:32 | Queue | Villager (Male) |
| 14:46 | Build | Archery Range |
| 15:10 | Queue | Skirmisher |
| 15:18 | Build | Farm |
| 15:18 | Build | Farm |
| 15:21 | Queue | Archer |
| 15:22 | Queue | Archer |
| 15:23 | Queue | Villager (Male) |
| 15:23 | Queue | Villager (Male) |
| 15:24 | Queue | Villager (Male) |
| 15:25 | Build | Farm |
| 15:26 | Build | Farm |
| 15:28 | Build | Farm |
| 15:30 | Build | Farm |
| 15:34 | Queue | Skirmisher |
| 15:34 | Queue | Skirmisher |
| 15:38 | Queue | Archer |
| 15:42 | Build | Farm |
| 15:49 | Build | Farm |
| 15:59 | Build | Farm |
| 15:59 | Queue | Villager (Male) |
| 16:05 | Queue | Archer |
| 16:28 | Queue | Villager (Male) |
| 16:44 | Queue | Villager (Male) |
| 16:47 | Build | Mining Camp |
| 17:05 | Queue | Villager (Male) |
| 17:05 | Queue | Villager (Male) |
| 17:05 | Queue | Villager (Male) |
| 17:45 | Build | Market |
| 17:55 | Build | Farm |
| 18:26 | Build | House |
| 19:01 | Queue | Archer |
| 19:17 | Queue | Villager (Male) |
| 19:22 | Build | House |
| 19:25 | Queue | Archer |
| 19:52 | Research | Castle Age |
| 19:52 | Research | Castle Age |
| 19:53 | Queue | Archer |
| 19:53 | Queue | Archer |
| 19:54 | Queue | Archer |
| 20:03 | Build | Lumber Camp |
| 20:27 | Queue | Archer |
| 20:27 | Queue | Archer |
| 20:29 | Research | Padded Archer Armor |
| 20:29 | Research | Padded Archer Armor |
| 20:52 | Queue | Archer |
| 20:53 | Queue | Archer |
| 21:11 | Queue | Archer |
| 21:13 | Queue | Archer |
| 21:23 | Research | Horse Collar |
| 21:24 | Research | Horse Collar |
| 21:24 | Research | Horse Collar |
| 21:28 | Queue | Archer |
| 22:26 | Queue | Archer |
| 22:26 | Queue | Archer |
| 22:32 | Age | Castle Age |
| 22:35 | Research | Crossbowman (upgrade) |
| 22:42 | Build | Town Center |
| 22:51 | Queue | Archer |
| 22:53 | Queue | Villager (Male) |
| 22:55 | Build | Town Center |
Match timeline
| 4:56 | sunsetfire · first_building Barracks |
| 7:12 | sunsetfire · wall_segment Palisade Wall x1 |
| 7:26 | DS_I_LOVE_TS · first_building Barracks |
| 8:34 | DS_I_LOVE_TS · wall_segment Palisade Wall x1 |
| 8:35 | DS_I_LOVE_TS · wall_segment Palisade Wall x1 |
| 8:40 | DS_I_LOVE_TS · wall_segment Palisade Wall x1 |
| 8:45 | DS_I_LOVE_TS · wall_segment Palisade Wall x1 |
| 9:08 | DS_I_LOVE_TS · age_up feudal |
| 9:15 | sunsetfire · age_up feudal |
| 9:17 | DS_I_LOVE_TS · first_building Archery Range |
| 9:27 | sunsetfire · first_building Archery Range |
| 14:17 | sunsetfire · wall_segment Palisade Wall x1 |
| 15:24 | sunsetfire · wall_segment Palisade Wall x6 |
| 16:13 | sunsetfire · wall_segment Palisade Wall x3 |
| 17:58 | sunsetfire · wall_segment Palisade Wall x10 |
| 19:28 | DS_I_LOVE_TS · first_market_sell 100 wood |
| 19:34 | DS_I_LOVE_TS · first_market_buy 100 food |
| 21:29 | sunsetfire · age_up castle |
| 21:50 | sunsetfire · first_building Siege Workshop |
| 22:32 | DS_I_LOVE_TS · age_up castle |
| 25:45 | DS_I_LOVE_TS · first_building Siege Workshop |
| 26:28 | DS_I_LOVE_TS · resign |
[ AI ANALYSIS · 1 CREDIT ]
What really happened in this match?
Wolo.gg analyzes every decision: build order, eco, micro, common mistakes by bracket. Personalized analysis on WhatsApp or Discord in 30 seconds.
Civ guide
Slavs
Perfil
Jugador #553794